AoeStats
← Filth Daddy

Fortress

509945617Analyzed
2v2 RM · 4d ago on Sep 28, 2026· 58m 57s· 4 players
Game mode
Random Map
Map size
Normal (6 player)
Population
200
Speed
Normal
Resources
Standard
Victory
Conquest
Starting age
Dark Age
Ending age
Imperial Age
RankedLock teamsTeams togetherTeam positionsShared explorationLock speedFull tech treeHidden civsTurbo modeCheats
Victory
Defeat
🇬🇧 Britons · United Kingdom
1111
+15
🇬🇧 Burgundians · United Kingdom
1064
+16
🇩🇪 Jurchens · Germany
1097
-45
🇩🇪 Franks · Germany
1063
-15
Nathan-12356
1:50 Loom
6:55 Feudal Age
7:42 Double-Bit Axe
8:48 Wheelbarrow
14:16 Castle Age
12:50 Gold Mining
14:07 Forging
14:03 Scale Barding Armor
17:03 Bow Saw
17:13 Fervor
19:38 Hand Cart
24:08 Town Watch
24:21 Pikeman
29:33 Imperial Age
27:29 Stone Mining
27:42 Husbandry
28:15 Squires
29:40 Cavalier
30:44 Conscription
30:51 Elite Skirmisher
31:42 Halberdier
32:40 Murder Holes
34:08 Paladin
35:32 Town Patrol
39:41 Chain Barding Armor
39:22 Scale Mail Armor
39:57 Iron Casting
42:01 Plate Barding Armor
44:25 Masonry
44:53 Fletching
46:04 Blast Furnace
45:06 Padded Archer Armor
46:33 Bodkin Arrow
k1ng0fsn0w
8:07 Feudal Age
11:54 Castle Age
10:33 Double-Bit Axe
10:39 Horse Collar
13:02 Bow Saw
13:14 Heavy Plow
16:48 Wheelbarrow
19:52 Gold Mining
22:41 Hand Cart
26:13 Imperial Age
24:03 Husbandry
24:47 Forging
24:43 Scale Barding Armor
24:30 Fletching
25:34 Ballistics
25:23 Town Watch
26:15 Fortified Bastions
27:03 Iron Casting
26:49 Chain Barding Armor
26:05 Elite Skirmisher
28:10 Two-Man Saw
27:46 Town Patrol
29:38 Chemistry
31:18 Elite Iron Pagoda
36:58 Conscription
38:14 Heavy Rocket Cart
40:51 Thunderclap Bombs
Just_Ed
3:06 Horse Collar
5:41 Double-Bit Axe
9:24 Feudal Age
7:49 Gold Mining
10:28 Heavy Plow
10:41 Bow Saw
11:08 Gold Shaft Mining
13:50 Castle Age
14:08 Cavalier
14:50 Husbandry
15:07 Forging
15:03 Scale Barding Armor
17:43 Crop Rotation
18:16 Pikeman
22:36 Iron Casting
24:00 Wheelbarrow
24:01 Burgundian Vineyards
24:34 Scale Mail Armor
25:37 Chain Barding Armor
26:06 Squires
26:57 Chain Mail Armor
30:29 Imperial Age
30:53 Paladin
32:38 Blast Furnace
32:58 Plate Barding Armor
36:21 Halberdier
38:49 Plate Mail Armor
43:10 Conscription
56:36 Hand Cart
Filth Daddy
7:47 Feudal Age
11:41 Castle Age
9:47 Double-Bit Axe
10:07 Horse Collar
11:16 Gold Mining
12:45 Bow Saw
16:03 Stone Mining
16:48 Loom
17:51 Wheelbarrow
19:54 Hand Cart
20:27 Heavy Plow
21:25 Fletching
26:33 Imperial Age
24:15 Bodkin Arrow
25:05 Padded Archer Armor
26:22 Ballistics
26:09 Town Watch
27:06 Leather Archer Armor
26:58 Town Patrol
27:22 Bracer
28:25 Chemistry
28:31 Two-Man Saw
28:20 Ring Archer Armor
28:18 Conscription
29:07 Scale Barding Armor
29:10 Elite Longbowman
30:23 Forging
30:16 Murder Holes
31:54 Chain Barding Armor
32:19 Iron Casting
32:23 Masonry
34:42 Architecture
34:34 Siege Engineers
36:54 Architecture
37:00 Hoardings
36:49 Yeomen
41:24 Coinage
41:42 Warwolf
42:50 Chain Barding Armor
43:14 Banking
44:15 Plate Barding Armor
44:54 Treadmill Crane
46:46 Guilds
47:00 Light Cavalry
47:40 Husbandry
48:18 Iron Casting
49:07 Gold Shaft Mining
53:14 Blast Furnace
Connection lost

Rejoining the realm…

Still unreachable

The connection could not be restored.

Session expired

The server has moved on; the page needs a fresh start.